[Event "42nd Olympiad Baku 2016 Open"]
[Site "Baku"]
[Date "2016.09.04"]
[Round "3.3"]
[White "Saeed, Ishaq"]
[Black "Al Sori, Mohamed"]
[Result "1-0"]
[ECO "D78"]
[WhiteElo "2310"]
[BlackElo "2036"]
[Annotator ""]
[PlyCount "99"]
[EventDate "2016.??.??"]
[EventCountry "AZE"]
[SourceTitle "playchess.com"]
[Source "ChessBase"]
[WhiteTeam "United Arab Emirates"]
[BlackTeam "Libya"]
[WhiteTeamCountry "UAE"]
[BlackTeamCountry "LBY"]
[TimeControl "40/5400+30:1800+30"]

1. Nf3 {(00:00)} Nf6 {(00:07)} 2. d4 {(00:31)} d5 {
(01:00)} 3. g3 {(00:33)} g6 {(02:09)} 4. Bg2 {(00:
08)} Bg7 {(00:05)} 5. c4 {(00:32)} c6 {(00:13)} 6. O-O {
(01:06)} O-O {(00:30)} 7. Ne5 {(25:54)} dxc4 {(09:
32)} 8. Na3 {(02:40)} Nbd7 {(09:51)} 9. Naxc4 {(01:09)}
Nxe5 {(03:12)} 10. Nxe5 {(00:50)} Ng4 {(02:26)} 11. Nf3 {
(02:40)} Qb6 {(06:08)} 12. Qa4 {(05:43)} Rd8 {(02:
40)} 13. Rd1 {(07:01)} a6 {(07:02)} 14. h3 {(03:18)} Nf6 {
(00:51)} 15. e3 {(17:53)} Qb5 {(03:57)} 16. Qxb5 {(
00:14)} axb5 {(00:14)} 17. Bd2 {(00:07)} Be6 {(00:40)} 18.
a3 {(00:45)} Bd5 {(05:02)} 19. Bb4 {(03:48)} Bf8 {(
09:16)} 20. Ne5 {(03:34)} Bxg2 {(07:10)} 21. Kxg2 {(00:19]
} e6 {(00:49)} 22. Be1 {(04:24)} Bd6 {(01:18)} 23. Nd3 {
(00:24)} Nd7 {(01:31)} 24. f4 {(06:17)} Nb6 {(02:
57)} 25. g4 {(00:21)} Nc4 {(04:50)} 26. Kf3 {(01:16)} f5 {
(01:51)} 27. Rac1 {(00:35)} Rd7 {(05:30)} 28. Bc3 {
(03:35)} Rf7 {(04:29)} 29. Rg1 {(02:19)} Re8 {(02:
47)} 30. Ke2 {(03:26)} Ree7 {(02:42)} 31. h4 {(00:35)}
fxg4 {(00:47)} 32. Rxg4 {(00:10)} Rf5 {(00:36)} 33. e4 {
(02:40)} Rh5 {(03:14)} 34. b3 {(00:22)} Nb6 {(00:
59)} 35. Bb2 {(01:31)} Nd7 {(00:25)} 36. e5 {(00:36)} Bc7
{(00:02)} 37. Nf2 {(00:31)} Rf7 {(00:28)} 38. Ne4 {
(00:13)} Rhf5 {(00:50)} 39. Rf1 {(00:56)} Nb6 {(00:
35)} 40. Ng3 {(00:00)} Nd5 {(00:00)} 41. Bc1 {(02:30)} Bb6
{(02:34)} 42. h5 {(15:05)} Rg7 {(05:45)} 43. hxg6 {
(06:36)} Rf8 {(02:56)} 44. f5 {(00:12)} exf5 {(02:
58)} 45. gxh7+ {(02:07)} Kxh7 {(00:09)} 46. Rh1+ {(00:16)}
Kg8 {(00:18)} 47. Rxg7+ {(00:06)} Kxg7 {(02:36)} 48. Bh6+
{(00:13)} Kf7 {(00:05)} 49. Bxf8 {(00:09)} Kxf8 {(
00:22)} 50. Nxf5 {(00:12)} 1-0

[Event "42nd Olympiad Baku 2016 Open"]
[Site "Baku"]
[Date "2016.09.04"]
[Round "3.1"]
[White "Salem, A R  Saleh"]
[Black "Elarbi, Abobker"]
[Result "1-0"]
[ECO "D52"]
[WhiteElo "2628"]
[BlackElo "2297"]
[Annotator ""]
[PlyCount "157"]
[EventDate "2016.??.??"]
[EventCountry "AZE"]
[SourceTitle "playchess.com"]
[Source "ChessBase"]
[WhiteTeam "United Arab Emirates"]
[BlackTeam "Libya"]
[WhiteTeamCountry "UAE"]
[BlackTeamCountry "LBY"]
[TimeControl "40/5400+30:1800+30"]

1. d4 {(00:00)} d5 {(00:00)} 2. c4 {(00:00)} c6 {(
00:02)} 3. Nf3 {(00:00)} Nf6 {(00:07)} 4. Nc3 {(00:00)} e6
{(00:36)} 5. Bg5 {(00:00)} Nbd7 {(00:05)} 6. e3 {(
00:00)} Qa5 {(00:08)} 7. Nd2 {(00:40)} dxc4 {(02:55)} 8.
Bxf6 {(00:06)} Nxf6 {(00:05)} 9. Nxc4 {(00:05)} Qc7 {
(02:18)} 10. Be2 {(00:30)} Bb4 {(01:15)} 11. O-O {(
00:22)} O-O {(00:51)} 12. Rc1 {(00:16)} Bxc3 {(00:38)} 13.
Rxc3 {(00:38)} Ne4 {(01:03)} 14. Rc1 {(00:23)} Nd6 {
(04:13)} 15. Ne5 {(00:06)} f6 {(00:01)} 16. Nf3 {(
02:05)} Nf7 {(00:02)} 17. Qc2 {(02:02)} Qa5 {(02:38)} 18.
Qb1 {(03:24)} g6 {(05:47)} 19. b4 {(03:39)} Qd8 {(
01:25)} 20. Rc5 {(04:20)} Bd7 {(05:12)} 21. Bd3 {(01:14)}
Kg7 {(00:10)} 22. Rfc1 {(00:39)} Qe7 {(00:49)} 23. Qb2 {
(04:05)} Rfd8 {(07:18)} 24. h4 {(06:30)} Be8 {(06:
55)} 25. Qb1 {(09:27)} Rd5 {(01:26)} 26. R5c2 {(07:02)}
Rad8 {(04:49)} 27. Bc4 {(02:11)} R5d6 {(01:10)} 28. Qb2 {
(01:36)} Nh6 {(14:05)} 29. Be2 {(05:27)} Kg8 {(01:
33)} 30. a4 {(01:40)} a6 {(00:16)} 31. a5 {(01:02)} Bf7 {
(00:34)} 32. g3 {(03:28)} R6d7 {(05:17)} 33. e4 {(
03:31)} Ng4 {(05:03)} 34. e5 {(00:07)} f5 {(06:40)} 35.
Rc4 {(01:24)} Kg7 {(00:45)} 36. Ng5 {(02:06)} Nh6 {
(04:58)} 37. Nh3 {(03:00)} Ng8 {(00:15)} 38. Nf4 {(
00:58)} Qe8 {(02:37)} 39. Nd3 {(00:14)} Ne7 {(01:16)} 40.
Nc5 {(00:00)} Rc7 {(00:00)} 41. Bf3 {(01:10)} Nd5 {
(10:41)} 42. Kg2 {(01:21)} Qe7 {(00:31)} 43. Rh1 {(
00:38)} h6 {(03:15)} 44. Rcc1 {(00:04)} Rcc8 {(01:01)} 45.
Rh2 {(01:09)} Rb8 {(00:16)} 46. Qd2 {(01:57)} Nc7 {
(02:53)} 47. Be2 {(03:03)} Rh8 {(01:16)} 48. g4 {(
03:25)} Nd5 {(04:19)} 49. Kh1 {(02:01)} Rhg8 {(02:16)} 50.
Rg1 {(03:16)} Kh7 {(02:59)} 51. Bd3 {(05:02)} h5 {(
09:34)} 52. f3 {(00:04)} Rg7 {(04:23)} 53. Bc4 {(01:13)}
Rbg8 {(01:37)} 54. Bxd5 {(04:39)} cxd5 {(00:11)} 55. Qg5 {
(02:19)} Qxg5 {(04:40)} 56. hxg5 {(00:06)} fxg4 {(
01:04)} 57. fxg4 {(01:00)} Rd8 {(00:06)} 58. Rf1 {(01:11)}
Kg8 {(00:13)} 59. Kg2 {(00:50)} Rc8 {(02:01)} 60. Kg3 {
(05:19)} Rc6 {(00:14)} 61. Nxb7 {(05:35)} Rc4 {(00:
45)} 62. Nd6 {(00:12)} Rxd4 {(00:49)} 63. Rhf2 {(00:12)}
Rxg4+ {(00:25)} 64. Kh3 {(00:01)} Rxb4 {(00:30)} 65. Nxf7
{(00:05)} Ra4 {(00:31)} 66. Nd8 {(01:14)} Rc7 {(00:
35)} 67. Nxe6 {(01:15)} Rc3+ {(00:06)} 68. Rf3 {(00:02)}
Raa3 {(00:40)} 69. Rxc3 {(00:20)} Rxc3+ {(00:01)} 70. Kg2
{(00:05)} Re3 {(00:14)} 71. Rf8+ {(00:09)} Kh7 {(
00:03)} 72. Rf7+ {(00:05)} Kh8 {(00:28)} 73. Nf4 {(00:42)}
Kg8 {(00:23)} 74. Re7 {(00:47)} h4 {(00:48)} 75. Nxd5 {
(00:32)} Rg3+ {(00:45)} 76. Kh2 {(00:01)} Rxg5 {(
00:23)} 77. Nf6+ {(00:02)} Kf8 {(00:01)} 78. Nh7+ {(00:22]
} Kxe7 {(00:02)} 79. Nxg5 {(00:04)} 1-0

[Event "42nd Olympiad Baku 2016 Open"]
[Site "Baku"]
[Date "2016.09.04"]
[Round "3.2"]
[White "Salem, Mahjob"]
[Black "Omar, Noaman"]
[Result "0-1"]
[ECO "D04"]
[WhiteElo "2092"]
[BlackElo "2377"]
[Annotator ""]
[PlyCount "64"]
[EventDate "2016.??.??"]
[EventCountry "AZE"]
[SourceTitle "playchess.com"]
[Source "ChessBase"]
[WhiteTeam "Libya"]
[BlackTeam "United Arab Emirates"]
[WhiteTeamCountry "LBY"]
[BlackTeamCountry "UAE"]
[TimeControl "40/5400+30:1800+30"]

1. d4 {(00:00)} Nf6 {(00:00)} 2. Nf3 {(00:02)} d5 {
(00:00)} 3. e3 {(00:32)} c5 {(00:00)} 4. c4 {(02:
37)} cxd4 {(00:08)} 5. exd4 {(00:08)} g6 {(00:17)} 6. Nc3
{(00:49)} Bg7 {(00:05)} 7. Bg5 {(03:09)} O-O {(00:
08)} 8. Bxf6 {(03:10)} Bxf6 {(00:07)} 9. cxd5 {(01:48)}
Bg4 {(04:27)} 10. Be2 {(00:27)} Qb6 {(01:20)} 11. Qd2 {
(10:29)} Bxf3 {(05:27)} 12. Bxf3 {(00:20)} Bxd4 {(
15:15)} 13. O-O {(09:53)} Nd7 {(10:04)} 14. Rfe1 {(14:58)}
Ne5 {(09:37)} 15. Re2 {(08:34)} Rad8 {(08:39)} 16. Be4 {
(07:47)} Nc4 {(07:01)} 17. Qc2 {(03:25)} Rc8 {(07:
43)} 18. Rd1 {(14:36)} Nd6 {(06:39)} 19. Bd3 {(03:37)} Rc7
{(02:20)} 20. Qd2 {(00:51)} Bxc3 {(01:23)} 21. bxc3 {
(00:02)} Qc5 {(05:04)} 22. Qe1 {(03:36)} Qxc3 {(01:
13)} 23. Qxc3 {(00:10)} Rxc3 {(00:27)} 24. Rxe7 {(00:11)}
Rfc8 {(01:17)} 25. Kf1 {(00:40)} Kf8 {(04:17)} 26. Rd7 {
(00:55)} Ke8 {(01:35)} 27. Rxd6 {(04:30)} Ke7 {(00:
02)} 28. Ra6 {(04:09)} bxa6 {(01:40)} 29. d6+ {(00:24)}
Kd8 {(00:10)} 30. Ke2 {(01:24)} Ra3 {(02:45)} 31. Rd2 {
(00:20)} Kd7 {(00:15)} 32. Be4 {(01:17)} Re8 {(00:
14)} 0-1

[Event "42nd Olympiad Baku 2016 Open"]
[Site "Baku"]
[Date "2016.09.04"]
[Round "3.35"]
[White "Sanches, Casanova Romario"]
[Black "Dacres, Don"]
[Result "1-0"]
[ECO "A17"]
[WhiteElo "2082"]
[BlackElo "1713"]
[Annotator ""]
[PlyCount "57"]
[EventDate "2016.??.??"]
[EventCountry "AZE"]
[SourceTitle "playchess.com"]
[Source "ChessBase"]
[WhiteTeam "Surinam"]
[BlackTeam "Bermuda"]
[WhiteTeamCountry "SUR"]
[BlackTeamCountry "BER"]
[TimeControl "40/5400+30:1800+30"]

1. c4 {(00:00)} Nf6 {(00:00)} 2. Nc3 {(00:00)} e6 {
(00:05)} 3. Nf3 {(01:37)} Bb4 {(01:03)} 4. Qb3 {(
01:33)} Bxc3 {(00:32)} 5. bxc3 {(01:14)} O-O {(00:18)} 6.
d4 {(00:32)} d5 {(04:43)} 7. Bg5 {(04:26)} h6 {(01:
14)} 8. Bxf6 {(03:22)} gxf6 {(01:38)} 9. e3 {(05:59)} Nc6
{(01:24)} 10. cxd5 {(01:57)} Qxd5 {(02:06)} 11. Qc2 {
(03:11)} Kg7 {(05:01)} 12. Bd3 {(01:28)} Bd7 {(06:
00)} 13. Rb1 {(07:54)} b6 {(03:06)} 14. Rb5 {(15:13)} Qd6
{(00:28)} 15. Rh5 {(02:47)} Rh8 {(00:43)} 16. O-O {
(09:49)} Rag8 {(02:57)} 17. Nd2 {(03:23)} Qe7 {(02:
15)} 18. f4 {(05:03)} Kf8 {(02:06)} 19. Rh3 {(06:40)} a5 {
(05:37)} 20. Rhf3 {(03:45)} h5 {(06:44)} 21. e4 {(
00:26)} h4 {(06:45)} 22. d5 {(00:47)} exd5 {(14:48)} 23.
exd5 {(00:03)} Qc5+ {(00:26)} 24. Kh1 {(00:02)} Qxd5 {
(00:48)} 25. Be4 {(00:06)} Qe6 {(06:53)} 26. Rd3 {(
02:01)} f5 {(05:23)} 27. Bf3 {(01:39)} Ne7 {(02:51)} 28.
Nb3 {(00:56)} c5 {(02:32)} 29. Qd2 {(01:45)} 1-0

[Event "42nd Olympiad Baku 2016 Open"]
[Site "Baku"]
[Date "2016.09.04"]
[Round "3.31"]
[White "Scerbin, Dmitrij"]
[Black "Ieong, Seak Hin"]
[Result "1-0"]
[ECO "D02"]
[WhiteElo "2347"]
[BlackElo "1841"]
[Annotator ""]
[PlyCount "99"]
[EventDate "2016.??.??"]
[EventCountry "AZE"]
[SourceTitle "playchess.com"]
[Source "ChessBase"]
[WhiteTeam "IPCA"]
[BlackTeam "MAC"]
[WhiteTeamCountry "RUS"]
[BlackTeamCountry "MAC"]
[TimeControl "40/5400+30:1800+30"]

1. d4 {(00:00)} Nf6 {(00:00)} 2. Nf3 {(00:00)} d5 {
(00:00)} 3. Bf4 {(00:00)} e6 {(00:26)} 4. e3 {(00:
29)} c5 {(00:06)} 5. Nbd2 {(02:09)} Nc6 {(00:11)} 6. c3 {
(00:18)} Bd7 {(00:45)} 7. h3 {(00:52)} Be7 {(00:17]
} 8. Bd3 {(00:26)} O-O {(00:23)} 9. Ne5 {(01:17)} c4 {
(00:35)} 10. Bc2 {(00:16)} b5 {(00:34)} 11. g4 {(
03:23)} b4 {(02:00)} 12. g5 {(00:49)} Ne8 {(01:37)} 13. h4
{(12:18)} Nxe5 {(03:55)} 14. dxe5 {(02:49)} Bc6 {(
04:52)} 15. Rh3 {(07:59)} bxc3 {(03:17)} 16. bxc3 {(00:03]
} Qa5 {(01:29)} 17. e4 {(07:56)} Nc7 {(01:41)} 18. Qh5 {
(03:05)} g6 {(02:13)} 19. Qg4 {(01:11)} Nb5 {(02:
36)} 20. h5 {(00:47)} Kg7 {(01:46)} 21. Qh4 {(04:42)} Rh8
{(00:47)} 22. h6+ {(02:12)} Kf8 {(00:02)} 23. exd5 {
(00:46)} Bxd5 {(00:29)} 24. Qg3 {(01:01)} Ba3 {(00:
38)} 25. Rb1 {(03:30)} Ke7 {(00:39)} 26. Ne4 {(04:53)}
Rab8 {(01:10)} 27. Bd2 {(01:33)} Bxe4 {(07:56)} 28. Bxe4 {
(00:05)} Nc7 {(00:09)} 29. Rd1 {(02:08)} Rhd8 {(00:
57)} 30. Qf4 {(04:37)} Nd5 {(00:58)} 31. Bxd5 {(00:35)}
Qxd5 {(00:03)} 32. Rf3 {(00:49)} Rd7 {(02:54)} 33. Qxf7+ {
(09:28)} Kd8 {(00:02)} 34. Qf4 {(01:48)} Kc7 {(00:
39)} 35. Rh3 {(15:59)} Rf8 {(07:14)} 36. Qg4 {(01:17)} Bc5
{(05:20)} 37. Be3 {(03:56)} Qxd1+ {(01:04)} 38. Qxd1 {
(00:03)} Rxd1+ {(00:04)} 39. Kxd1 {(00:03)} Bxe3 {(
00:11)} 40. fxe3 {(00:00)} Rf1+ {(00:00)} 41. Ke2 {(02:10]
} Ra1 {(00:16)} 42. Rh4 {(00:11)} Rxa2+ {(00:04)} 43. Kf3
{(00:13)} Ra4 {(00:23)} 44. Rf4 {(00:11)} Kc6 {(01:
02)} 45. Rf7 {(00:12)} Kd5 {(00:09)} 46. Rxh7 {(03:39)}
Kxe5 {(00:03)} 47. Rg7 {(00:56)} Ra1 {(00:32)} 48. Rxg6 {
(01:21)} Kf5 {(01:18)} 49. h7 {(00:29)} Rh1 {(00:
05)} 50. Rh6 {(00:27] Ke4+ Kxe4} 1-0

[Event "42nd Olympiad Baku 2016 Open"]
[Site "Baku"]
[Date "2016.09.04"]
[Round "3.9"]
[White "Seijp V/d, Quintin"]
[Black "Al Ghamdi, Ahmed M"]
[Result "0-1"]
[ECO "D46"]
[WhiteElo "1924"]
[BlackElo "2192"]
[Annotator ""]
[PlyCount "80"]
[EventDate "2016.??.??"]
[EventCountry "AZE"]
[SourceTitle "playchess.com"]
[Source "ChessBase"]
[WhiteTeam "ARU"]
[BlackTeam "KSA"]
[TimeControl "40/5400+30:1800+30"]

1. d4 {(00:00)} d5 {(00:00)} 2. c4 {(00:00)} c6 {(
00:00)} 3. Nc3 {(00:00)} Nf6 {(00:00)} 4. Nf3 {(00:02)} e6
{(00:06)} 5. e3 {(00:22)} Nbd7 {(00:09)} 6. Bd3 {(
00:18)} Bd6 {(00:25)} 7. O-O {(00:19)} O-O {(00:14)} 8.
Qc2 {(00:32)} Qe7 {(00:55)} 9. Re1 {(01:36)} dxc4 {
(01:44)} 10. Bxc4 {(00:12)} e5 {(00:08)} 11. Bd3 {(
10:18)} Re8 {(04:48)} 12. dxe5 {(15:51)} Nxe5 {(00:39)}
13. Nxe5 {(00:39)} Qxe5 {(03:02)} 14. f4 {(00:24)} Qh5 {
(00:47)} 15. Be2 {(01:02)} Bg4 {(00:56)} 16. Qd1 {(
04:16)} Rad8 {(03:27)} 17. Bxg4 {(10:28)} Nxg4 {(08:05)}
18. h3 {(00:28)} Qh4 {(00:25)} 19. Qe2 {(18:13)} Bxf4 {
(02:36)} 20. e4 {(01:12)} Bh2+ {(12:31)} 21. Kh1 {(
04:22)} Bg3 {(13:14)} 22. Qxg4 {(04:52)} Qxg4 {(03:39)}
23. hxg4 {(00:06)} Bxe1 {(00:17)} 24. Bg5 {(00:03)} f6 {
(03:06)} 25. Bxf6 {(00:13)} gxf6 {(00:10)} 26. Rxe1 {
(00:02)} Rd2 {(00:11)} 27. b3 {(04:07)} Rc2 {(00:
22)} 28. Na4 {(08:21)} Rxa2 {(00:57)} 29. Nc5 {(00:08)}
Re7 {(02:03)} 30. Re3 {(02:36)} Rd2 {(00:53)} 31. Kh2 {
(01:54)} Rd4 {(00:13)} 32. Rf3 {(02:02)} Kg7 {(00:
40)} 33. Rf5 {(04:36)} b6 {(00:27)} 34. Na6 {(01:56)} Re5
35. Nb8 {(02:02)} Rdxe4 {(03:08)} 36. Nxc6 {(00:53)} Rxf5
{(00:13)} 37. gxf5 {(00:02)} a5 {(00:23)} 38. Nd8 {
(00:43)} b5 {(00:28)} 39. Nb7 {(00:52)} a4 {(00:38]
} 40. Nc5 {(00:00)} a3 {(00:00)} 0-1

[Event "42nd Olympiad Baku 2016 Open"]
[Site "Baku"]
[Date "2016.09.04"]
[Round "3.24"]
[White "Seitaj, Ilir"]
[Black "Chimbamu, Elisha"]
[Result "1-0"]
[ECO "B40"]
[WhiteElo "2374"]
[BlackElo "2114"]
[Annotator ""]
[PlyCount "85"]
[EventDate "2016.??.??"]
[EventCountry "AZE"]
[SourceTitle "playchess.com"]
[Source "ChessBase"]
[WhiteTeam "Albania"]
[BlackTeam "Zimbabwe"]
[WhiteTeamCountry "ALB"]
[BlackTeamCountry "ZIM"]
[TimeControl "40/5400+30:1800+30"]

1. e4 {(00:00)} c5 {(00:00)} 2. Nf3 {(00:00)} e6 {(
00:00)} 3. c3 {(00:06)} Nf6 {(00:00)} 4. e5 {(00:07)} Nd5
{(00:07)} 5. d4 {(00:19)} cxd4 {(01:37)} 6. cxd4 {(
00:08)} Nc6 {(00:11)} 7. a3 {(00:25)} d6 {(00:43)} 8. Bd3
{(01:57)} Be7 {(06:04)} 9. O-O {(00:12)} O-O {(03:
52)} 10. Qe2 {(00:08)} f5 {(10:57)} 11. exf6 {(07:37)}
Bxf6 {(01:50)} 12. Nc3 {(03:18)} g6 {(08:04)} 13. Bc4 {
(06:30)} Nc7 {(15:27)} 14. Bh6 {(04:54)} Bg7 {(02:
23)} 15. Bxg7 {(02:16)} Kxg7 {(00:02)} 16. Rad1 {(00:25)}
d5 {(00:36)} 17. Bb3 {(02:07)} Qf6 {(07:47)} 18. Ba4 {
(00:42)} Bd7 {(02:58)} 19. Rfe1 {(00:31)} a6 {(03:
33)} 20. Bxc6 {(00:32)} Bxc6 {(00:23)} 21. Qe3 {(00:58)}
Rac8 {(00:56)} 22. Ne5 {(00:32)} Be8 {(04:04)} 23. Rc1 {
(03:02)} Qf4 {(02:28)} 24. Qxf4 {(01:25)} Rxf4 {(
00:02)} 25. Ne2 {(00:47)} Rf8 {(02:36)} 26. Rc3 {(02:20)}
Bb5 {(02:13)} 27. Rec1 Bxe2 28. Rxc7+ {(02:36)} Rxc7 {(00:
36)} 29. Rxc7+ {(00:04)} Kg8 {(02:31)} 30. f3 {(00:18)}
Bb5 {(00:47)} 31. Kf2 {(00:23)} b6 {(04:17)} 32. Ke3 {
(01:02)} g5 {(01:05)} 33. b3 {(01:46)} a5 {(10:21)}
34. g3 {(01:15)} h5 {(01:35)} 35. a4 {(03:39)} Ba6 {
(02:03)} 36. Rc6 {(00:15)} Rb8 {(02:06)} 37. Rxe6 {
(00:11)} Kh7 {(00:21)} 38. Rd6 {(01:40)} Bf1 {(00:
33)} 39. Nd7 {(01:19)} Re8+ {(00:26)} 40. Kf2 {(00:14)}
Re2+ {(01:11)} 41. Kxf1 {(00:12)} Re3 {(00:09)} 42. Rxb6 {
(00:30)} Rxf3+ {(00:17)} 43. Ke2 1-0

[Event "42nd Olympiad Baku 2016 Open"]
[Site "Baku"]
[Date "2016.09.04"]
[Round "3.4"]
[White "Semedo, Adelino"]
[Black "Kouevi, Mawuvi Koue"]
[Result "1-0"]
[ECO "D35"]
[WhiteElo "1671"]
[BlackElo "1730"]
[Annotator ""]
[PlyCount "149"]
[EventDate "2016.??.??"]
[EventCountry "AZE"]
[SourceTitle "playchess.com"]
[Source "ChessBase"]
[WhiteTeam "STP"]
[BlackTeam "Togo"]
[BlackTeamCountry "TOG"]
[TimeControl "40/5400+30:1800+30"]

1. d4 {(00:00)} d5 {(00:00)} 2. c4 {(00:00)} e6 {(
00:40)} 3. Nc3 {(00:13)} Nf6 {(00:43)} 4. cxd5 {(00:47)}
exd5 {(00:55)} 5. Bg5 {(00:37)} Be7 {(01:43)} 6. e3 {
(01:34)} c6 {(01:09)} 7. Bd3 {(00:57)} h6 {(00:55)}
8. Bf4 {(01:21)} Bd6 {(02:48)} 9. Nge2 {(08:34)} Bxf4 {
(09:33)} 10. Nxf4 {(00:19)} O-O {(02:33)} 11. h3 {(
05:54)} Qe7 {(05:57)} 12. g4 {(03:55)} Ne4 {(04:28)} 13.
Qb3 {(07:10)} Nxc3 {(08:30)} 14. bxc3 {(03:06)} a5 {
(03:41)} 15. a4 {(01:11)} Na6 16. Ke2 {(06:43)} Re8 {
(05:47)} 17. Rag1 {(01:24)} Qd6 {(05:35)} 18. Kd2 {
(02:51)} b5 {(03:42)} 19. axb5 {(05:08)} cxb5 {(00:
32)} 20. Qxb5 {(03:33)} Be6 {(01:49)} 21. Bc2 {(02:24)}
Rec8 {(07:14)} 22. Qd3 {(01:32)} Qc6 {(05:35)} 23. Nxe6 {
(00:30)} fxe6 {(00:30)} 24. g5 {(09:04)} hxg5 {(08:
35)} 25. Rxg5 {(01:32)} Kf8 {(00:44)} 26. Rhg1 {(01:57)}
Ra7 {(00:56)} 27. Rh5 {(01:10)} Rf7 {(01:28)} 28. Ba4 {
(05:18)} Qxa4 {(05:19)} 29. Qxa6 {(06:24)} Qa2+ {(
02:48)} 30. Kd3 {(00:15)} Qc4+ {(00:27)} 31. Qxc4 {(00:14]
} Rxc4 {(00:12)} 32. Rh8+ {(01:16)} Ke7 {(00:15)} 33. f4 {
(01:44)} Kf6 {(03:25)} 34. Ra8 {(01:25)} a4 {(00:
37)} 35. Ra1 {(00:22)} Rfc7 {(00:10)} 36. Ra3 {(00:13)} g5
{(01:13)} 37. fxg5+ {(01:09)} Kxg5 {(00:08)} 38. R8xa4 {
(01:30)} Rxa4 {(00:43)} 39. Rxa4 {(00:02)} Rh7 {(
00:05)} 40. Ra5 {(00:00)} Kf6 {(00:00)} 41. c4 {(04:14)}
dxc4+ {(03:48)} 42. Kxc4 {(00:06)} Rxh3 {(00:20)} 43. Re5
{(00:16)} Rh8 {(04:07)} 44. Kc5 {(00:37)} Rd8 {(00:
57)} 45. Kc6 {(00:22)} Re8 {(01:34)} 46. Kd7 {(02:35)}
Re7+ {(00:25)} 47. Kd6 {(00:58)} Re8 {(00:29)} 48. Rh5 {
(02:00)} Rd8+ {(02:46)} 49. Kc7 {(00:33)} Ra8 {(01:
09)} 50. Rh6+ {(01:19)} Kf5 {(01:48)} 51. Rh5+ {(00:33)}
Kg6 {(01:22)} 52. Rb5 {(02:04)} Kf6 {(01:14)} 53. Re5 {
(03:18)} Ra7+ {(01:25)} 54. Kb6 {(00:04)} Rd7 {(00:
51)} 55. Kc6 {(00:29)} Ra7 {(00:49)} 56. Rh5 {(00:49)} Kg6
{(01:25)} 57. Rh3 {(01:55)} Ra6+ {(03:08)} 58. Kb5 {
(00:25)} Rd6 {(00:19)} 59. Rf3 {(00:34)} Rd5+ {(01:
37)} 60. Kc4 {(00:25)} Ra5 {(02:06)} 61. e4 {(01:42)} Ra4+
{(00:48)} 62. Kc5 {(00:07)} Ra5+ {(02:18)} 63. Kd6 {
(00:14)} Ra6+ {(00:26)} 64. Ke5 {(00:21)} Kg7 {(01:
08)} 65. d5 {(00:39)} exd5 {(01:40)} 66. exd5 {(00:01)}
Ra5 {(00:44)} 67. Ke6 {(00:16)} Ra4 {(02:28)} 68. d6 {
(01:09)} Re4+ {(00:27)} 69. Kd7 {(00:09)} Rd4 {(00:
28)} 70. Ke7 {(00:14)} Re4+ {(00:12)} 71. Kd8 {(00:35)}
Rd4 {(00:25)} 72. d7 {(00:16)} Rd1 {(01:47)} 73. Rc3 {
(02:08)} Kf7 {(01:23)} 74. Kc7 {(00:14)} Ke7 {(03:
03)} 75. d8=Q+ {(00:28] Kf6} 1-0

[Event "42nd Olympiad Baku 2016 Open"]
[Site "Baku"]
[Date "2016.09.04"]
[Round "3.31"]
[White "Sezdbekov, Ruslan"]
[Black "Giron, Jorge Ernesto"]
[Result "1-0"]
[ECO "B90"]
[WhiteElo "2127"]
[BlackElo "2208"]
[Annotator ""]
[PlyCount "67"]
[EventDate "2016.??.??"]
[EventCountry "AZE"]
[SourceTitle "playchess.com"]
[Source "ChessBase"]
[WhiteTeam "Kyrgyzstan"]
[BlackTeam "El Salvador"]
[WhiteTeamCountry "KGZ"]
[BlackTeamCountry "ESA"]
[TimeControl "40/5400+30:1800+30"]

1. e4 {(00:00)} c5 {(00:49)} 2. Nf3 {(00:00)} d6 {(
00:08)} 3. d4 {(00:00)} cxd4 {(00:05)} 4. Nxd4 {(00:03)}
Nf6 {(00:06)} 5. Nc3 {(00:14)} a6 {(00:06)} 6. a4 {
(00:34)} e5 {(04:34)} 7. Nf3 {(02:55)} h6 {(03:28)}
8. Bc4 {(03:58)} Qc7 {(00:11)} 9. Ba2 {(04:51)} Bg4 {
(04:14)} 10. Be3 {(04:09)} Nbd7 {(00:36)} 11. Qd3 {
(07:51)} Rc8 {(09:58)} 12. O-O-O {(08:49)} Nc5 {(
00:50)} 13. Bxc5 {(02:48)} Qxc5 {(00:22)} 14. Rd2 {(04:06]
} Be7 {(07:22)} 15. h3 {(05:32)} Bxf3 {(03:24)} 16. Qxf3 {
(00:30)} Qb4 {(01:43)} 17. Re1 {(12:20)} O-O {(00:
40)} 18. h4 {(04:06)} h5 {(13:57)} 19. g3 {(15:39)} Rc7 {
(02:44)} 20. Re3 {(02:39)} Rxc3 {(06:43)} 21. bxc3 {
(00:46)} Qxa4 {(00:20)} 22. Kb1 {(02:01)} Rc8 {(01:
24)} 23. Bb3 {(07:07)} Qa3 {(03:01)} 24. Qd1 {(00:58)} Qa5
{(04:45)} 25. Kb2 {(04:36)} Qc5 {(02:02)} 26. Qa1 {
(01:53)} Bf8 {(04:29)} 27. Qa4 {(01:42)} g6 {(03:
04)} 28. Rdd3 {(00:39)} Rc7 {(02:49)} 29. Rf3 {(00:47)}
Kg7 {(05:07)} 30. Rxf6 {(00:29)} Kxf6 {(01:02)} 31. Rf3+ {
(00:03)} Kg7 {(00:05)} 32. Qe8 {(00:04)} f6 {(00:
57)} 33. Qe6 {(00:24)} d5 {(00:37)} 34. Qxf6+ {(00:06)}
1-0

[Event "42nd Olympiad Baku 2016 Open"]
[Site "Baku"]
[Date "2016.09.04"]
[Round "3.17"]
[White "Shaw, John"]
[Black "Manan, Yoboue Hermann"]
[Result "1-0"]
[ECO "A05"]
[WhiteElo "2454"]
[BlackElo "2115"]
[Annotator ""]
[PlyCount "85"]
[EventDate "2016.??.??"]
[EventCountry "AZE"]
[SourceTitle "playchess.com"]
[Source "ChessBase"]
[WhiteTeam "SCO"]
[BlackTeam "CIV"]
[WhiteTeamCountry "SCO"]
[TimeControl "40/5400+30:1800+30"]

1. Nf3 {(00:00)} Nf6 {(00:00)} 2. g3 {(00:00)} g6 {
(00:10)} 3. b3 {(00:04)} d5 {(00:41)} 4. Bb2 {(00:
27)} Bg7 {(00:12)} 5. Bg2 {(00:18)} O-O {(00:23)} 6. O-O {
(00:17)} c6 {(01:51)} 7. d3 {(01:49)} Bf5 {(02:04)}
8. Nbd2 {(02:47)} Re8 {(02:39)} 9. Re1 {(06:08)} Bg4 {
(02:33)} 10. h3 {(03:49)} Bxf3 {(00:46)} 11. Nxf3 {
(00:06)} Nbd7 {(00:12)} 12. e4 {(08:32)} e5 {(08:
08)} 13. exd5 {(03:41)} Nxd5 {(00:39)} 14. Nd2 {(00:19)}
Qc7 {(05:17)} 15. Nc4 {(04:25)} f5 {(07:05)} 16. Qd2 {
(09:37)} Rad8 {(04:08)} 17. Re2 {(02:36)} Nc5 {(10:
44)} 18. Rae1 {(26:31)} e4 {(06:11)} 19. d4 {(03:36)} Ne6
{(02:02)} 20. Rd1 {(00:52)} c5 {(02:47)} 21. c3 {(
01:59)} cxd4 {(04:05)} 22. cxd4 {(00:04)} Ne7 {(04:45)}
23. Qe3 {(02:56)} Nc5 {(09:29)} 24. Rc2 {(06:29)} Nd5 {
(02:01)} 25. Qd2 {(01:40)} Nd3 {(01:19)} 26. Ne5 {(
00:55)} Qb6 {(14:30)} 27. Nxd3 {(00:33)} exd3 {(00:08)}
28. Qxd3 {(01:00)} Nb4 {(01:04)} 29. Qc4+ {(01:04)} Kh8 {
(00:07)} 30. Re2 {(02:14)} Nxa2 {(03:33)} 31. Rxe8+ {
(02:28)} Rxe8 {(00:05)} 32. Qa4 {(00:13)} Rc8 {(04:
46)} 33. Qxa2 {(01:13)} Rc2 {(00:24)} 34. Qa4 {(01:53)} h6
{(00:09)} 35. Qe8+ {(01:16)} Kh7 {(00:18)} 36. Bd5 {
(01:22)} h5 {(00:12)} 37. Bg8+ {(01:34)} Kh6 {(00:
05)} 38. Bc1+ {(01:36)} Rxc1 {(00:32)} 39. Rxc1 {(00:49)}
Bxd4 {(00:22)} 40. Qe2 {(00:00)} Qd6 {(00:00)} 41. Kg2 {
(02:08)} f4 {(05:21)} 42. Rd1 {(01:47)} Kg7 {(01:
30)} 43. Qe6 {(03:11)} 1-0